 Dungeon Crawl Stone Soup version 0.16.0-18-g484a79e (console) character file.

333 gw the Magician (level 6, -6/41 HPs)
             Began as an Octopode Wizard on Mar 22, 2015.
             Was a Priest of Ru.
             Mangled by sugabear's ghost (17 damage)
             ... on level 4 of the Dungeon.
             The game lasted 00:04:14 (5219 turns).

gw the Magician (Octopode Wizard)                   Turns: 5219, Time: 00:04:14

Health: -6/41      AC:  1    Str:  7    XL:     6   Next: 53%
Magic:  10/14      EV: 12    Int: 22    God:    Ru [***...]
Gold:   111        SH:  0    Dex: 10    Spells: 1 memorised, 11 levels left

rFire  . . .     SeeInvis .     b - +0 flail
rCold  + . .     Clarity  .     f - +0 hat
rNeg   . . .     SustAb   .     r - amulet of faith
rPois  .         Gourm    .     e - ring of protection from cold
rElec  .         Spirit   .     (no ring)
rCorr  .         Warding  .     (no ring)
rMut   .         Stasis   .     (no ring)
MR     .....                    (no ring)
Stlth  +++.......               (no ring)
                                (no ring)

@: exhausted, drained, not resistant to hostile enchantments, fairly stealthy
A: almost no armour, amphibious, 7 rings, constrict 7, camouflage 1, gelatinous
body 1, missing a hand
a: Draw Out Power, Renounce Religion


You were on level 4 of the Dungeon.
You worshipped Ru.
Ru was most pleased with you.
You were not hungry.

You visited 1 branch of the dungeon, and saw 4 of its levels.

You collected 111 gold pieces.

Inventory:

Hand weapons
 b - a +0 flail (weapon)
Missiles
 i - 104 stones (quivered)
 j - 16 poisoned needles
Armour
 f - a +0 hat (worn)
Jewellery
 e - a ring of protection from cold (left tentacle)
 r - an amulet of faith (around mantle)
Scrolls
 a - a scroll of identify {unknown}
 m - a scroll of amnesia {unknown}
 n - 2 scrolls of teleportation
 o - a scroll of remove curse
 p - a scroll of magic mapping {unknown}
Potions
 k - 2 potions of curing
Books
 c - a book of Minor Magic

   Spells                             Type                      Level
   a - Magic Dart                     Conjuration                  1
   b - Blink                          Translocation                2
   c - Call Imp                       Summoning                    2
   d - Repel Missiles                 Charms/Air                   2
   e - Slow                           Hexes                        2
   f - Conjure Flame                  Conjuration/Fire             3
   g - Mephitic Cloud                 Conjuration/Poison/Air       3
 l - a book of the Sky

   Spells                             Type                      Level
   a - Flight                         Charms/Air                   3
   b - Airstrike                      Air                          4
   c - Silence                        Hexes/Air                    5
   d - Deflect Missiles               Charms/Air                   6
   e - Conjure Ball Lightning         Conjuration/Air              6
   f - Tornado                        Air                          9
Comestibles
 d - 5 bread rations
 g - a royal jelly
 h - a beef jerky


   Skills:
 + Level 2.6(2.3) Fighting
 + Level 2.7(2.4) Maces & Flails
 - Level 2.0(1.6) Dodging
 - Level 2.6(2.3) Stealth
 + Level 3.9(3.5) Spellcasting
 + Level 3.9(3.5) Conjurations
   Level 1.0(0.6) Summonings
   Level 1.0(0.6) Translocations


You had 11 spell levels left.
You knew the following spells:

 Your Spells              Type           Power        Failure   Level  Hunger
a - Magic Dart            Conj           ###.         3%          1    None


Dungeon Overview and Level Annotations

Branches:
Dungeon (4/15)
 Temple: D:4-7

Altars:
Fedhas
Qazlal
Ru
Yredelemnul

Annotations:
D:4 Eustachio; sugabear's ghost, average GrFi


Innate Abilities, Weirdness & Mutations

You cannot wear most types of armour.
You are amphibious.
You can wear up to seven rings at the same time.
You can use your tentacles to constrict many enemies at once.
Your skin changes colour to match your surroundings (Stealth).
Your rubbery body absorbs attacks (AC +1).
You are missing a hand.


Message History

Confirm with . or Enter, or press ? or * to list all spells.
Aiming: Magic Dart
Press: ? - help, Shift-Dir - straight line, f/p - sugabear's ghost
Aim: sugabear's ghost (lightly damaged, slow)
The magic dart hits sugabear's ghost.
Sugabear's ghost is lightly damaged.
Sugabear's ghost barely misses you.
Unknown command.
Unknown command.
Unknown command.
Unknown command.
Casting: Magic Dart
Confirm with . or Enter, or press ? or * to list all spells.
Aiming: Magic Dart
Press: ? - help, Shift-Dir - straight line, f/p - sugabear's ghost
Aim: sugabear's ghost (lightly damaged, slow)
The magic dart hits sugabear's ghost.
Sugabear's ghost is lightly damaged.
Sugabear's ghost hits you!
You die...

#'# # #.# .# #.# .#
##.## .# # ##.).##
.#.# ##.....## ?#.#
........# ...
####.##.#########W#
####.........x.#
#############


You could see sugabear's ghost.

Table legend:
 A = Turns spent in this place as a percentage of turns spent in the entire game.
 B = Non-inter-level travel turns spent in this place as a percentage of non-inter-level travel turns spent in the entire game.
 C = Inter-level travel turns spent in this place as a percentage of turns spent in this place.
 D = Turns resting spent in this place as a percentage of non-inter-level travel turns spent in this place.
 E = Turns spent auto-exploring this place as a percentage of non-inter-level travel turns spent in this place.
 F = Non-inter-level travel turns spent in this place divided by the number of levels of this place that you've seen.
                   A       B       C       D       E      F
               +-------+-------+-------+-------+-------+----------------------
         Total | 100.0 | 100.0 |   1.2 |   3.3 |   2.6 | 1375.2
       Dungeon | 100.0 | 100.0 |   1.2 |   3.3 |   2.6 | 1375.2
               +-------+-------+-------+-------+-------+----------------------

Table legend:
 A = Kills in this place as a percentage of kills in entire the game.
 B = Kills by you in this place as a percentage of kills by you in the entire game.
 C = Kills by friends in this place as a percentage of kills by friends in the entire game.
 D = Other kills in this place as a percentage of other kills in the entire game.
 E = Experience gained in this place as a percentage of experience gained in the entire game.
 F = Experience gained in this place divided by the number of levels of this place that you have seen.
                   A       B       C       D       E      F
               +-------+-------+-------+-------+-------+----------------------
         Total | 100.0 | 100.0 |  -nan |  -nan | 100.0 | 119.2
       Dungeon | 100.0 | 100.0 |  -nan |  -nan | 100.0 | 119.2
               +-------+-------+-------+-------+-------+----------------------

Vanquished Creatures
  Dowan (D:4)
  2 hounds (D:4)
  A centaur skeleton (D:4)
  An orc wizard (D:2)
  3 gnolls (D:3)
  5 adders (D:2)
  A shadow imp (D:4)
  3 worms
  3 giant geckos
  5 orcs
  2 ball pythons (D:2)
  12 goblins
  8 hobgoblins
  7 kobolds
  25 bats
  2 giant newts (D:1)
  2 jackals (D:2)
  6 rats
89 creatures vanquished.

Notes
Turn   | Place    | Note
--------------------------------------------------------------
     0 | D:1      | gw, the Octopode Wizard, began the quest for the Orb.
     0 | D:1      | Reached XP level 1. HP: 11/11 MP: 4/4
   257 | D:1      | Reached XP level 2. HP: 6/17 MP: 0/6
   593 | D:1      | Reached skill level 1 in Maces & Flails
  1464 | D:2      | Reached skill level 1 in Fighting
  1464 | D:2      | Reached XP level 3. HP: 16/23 MP: 0/8
  1966 | D:2      | Found a sacrificial altar of Ru.
  1976 | D:2      | Became a worshipper of Ru the Awakened
  2064 | D:2      | Reached XP level 4. HP: 21/28 MP: 0/9
  3259 | D:2      | Reached XP level 5. HP: 33/33 MP: 6/11
  3816 | D:3      | Found a stormy altar of Qazlal.
  4298 | D:3      | Found a blossoming altar of Fedhas.
  4299 | D:3      | Found a basalt altar of Yredelemnul.
  4636 | D:4      | Gained mutation: You are missing a hand. [Ru sacrifice]
  4636 | D:4      | Acquired Ru's first power
  4636 | D:4      | Acquired Ru's second power
  4636 | D:4      | Acquired Ru's third power
  4691 | D:4      | Reached XP level 6. HP: 33/41 MP: 3/13
  4956 | D:4      | Noticed Eustachio
  5082 | D:4      | Noticed Dowan
  5102 | D:4      | Killed Dowan
  5206 | D:4      | Noticed sugabear's ghost (average GrFi)
  5219 | D:4      | Mangled by sugabear's ghost

Action                   |  1- 3 |  4- 6 || total
-------------------------+-------+-------++-------
Melee: Club              |     5 |       ||     5
       Whip              |     3 |       ||     3
       Mace              |     4 |    23 ||    27
       Flail             |       |     6 ||     6
Throw: Stone             |     1 |    12 ||    13
 Cast: Magic Dart        |    70 |   177 ||   247
Invok: Sacrifice a Hand  |       |     1 ||     1
       Draw Out Power    |       |     1 ||     1
  Use: Scroll            |     4 |     5 ||     9
       Potion            |     3 |     2 ||     5
  Eat: Chunk             |     3 |    10 ||    13

Vault maps used:
D:1:      lightli_arrival_boilingwater, minmay_misc_feat_four_crosses,
          minivault_26
D:2:      lemuel_coloured_pillars_altar, minmay_bat_box
D:3:      lemuel_crystal_altar, gammafunk_temple_overflow_pools, first_bread
D:4:      uniq_duvessa, uniq_eustachio, uniq_natasha
